 Dungeon Crawl Stone Soup version 0.27.1-34-g3ba077fa99 (webtiles) character file.

Game seed: 5505865249409844440

197 comborobin the Covert (level 5, -2/39 HPs)
             Began as a Vampire Delver on Jan 8, 2022.
             Slain by an iguana (9 damage)
             ... on level 3 of the Dungeon.
             The game lasted 00:03:28 (1636 turns).

comborobin the Covert (Vampire Delver)              Turns: 1636, Time: 00:03:28

Health: -2/39      AC:  3    Str: 12    XL:     5   Next: 46%
Magic:  5/5        EV: 12    Int: 12    God:
Gold:   13         SH:  0    Dex: 16    Spells: 4/4 levels left

rFire    . . .     SeeInvis +     - Unarmed
rCold    . . .     Faith    .   (no shield)
rNeg     . . .     Spirit   .   a - +0 leather armour
rPois    +         Reflect  .   (no helmet)
rElec    .         Harm     .   (no cloak)
rCorr    .         Rampage  .   (no gloves)
Will     .....                  (no boots)
Stlth    ++++......             (no amulet)
HPRegen  0.33/turn              i - ring of poison resistance
MPRegen  0.09/turn              (no ring)

@: brilliant, healing quickly
A: alive, fangs 3, see invisible, vampiric 2
a: Exsanguinate


You were on level 3 of the Dungeon.
You visited 1 branch of the dungeon, and saw 4 of its levels.

You collected 13 gold pieces.

Inventory:

Hand Weapons
 b - a +0 dagger
Armour
 a - a +0 leather armour (worn)
Jewellery
 i - a ring of poison resistance (left hand)
Wands
 f - a wand of digging (2)
Scrolls
 c - a scroll of magic mapping
 d - a scroll of fear
 g - a scroll of amnesia {unknown}
 h - a scroll of fog


   Skills:
 - Level 2.6 Fighting
 - Level 2.1 Dodging
 + Level 9.0 Stealth
 - Level 5.2 Unarmed Combat


You had 4 spell levels left.
You didn't know any spells.
Your spell library contained the following spells:

 Spells                   Type           Power      Damage    Failure   Level
 Chain Lightning          Conj/Air       0%         N/A       100%        9
 Fire Storm               Conj/Fire      0%         5d1       100%        9


Dungeon Overview and Level Annotations

Branches:
Dungeon (6/15)
 Temple: D:4-7

Altars:
Kikubaaqudgha

Annotations:
D:5 exclusions: downstairs, ogre and upstairs


Innate Abilities, Weirdness & Mutations

Your natural rate of healing is accelerated.
You have razor-sharp teeth.
You have supernaturally acute eyesight. (SInv)
You are afflicted with vampirism and can become a bat while bloodless.


Message History

You hit the iguana. You bite the iguana, but do no damage.
The iguana is lightly wounded.
You completely miss the iguana. Your bite misses the iguana.
The iguana is lightly wounded.
The iguana barely misses you.
You barely miss the iguana.
The iguana is lightly wounded.
The iguana bites you!
You hit the iguana but do no damage.
The iguana is lightly wounded.
The iguana closely misses you.
You hit the iguana.
The iguana is moderately wounded.
The iguana bites you!
* * * LOW HITPOINT WARNING * * *
The iguana bites you!
* * * LOW HITPOINT WARNING * * *
You see here a grey potion.
The iguana hisses menacingly.
Found a scroll labelled VEIWIAFIURHAPS.
You see here a scroll labelled VEIWIAFIURHAPS.
The iguana hisses menacingly.
A ball python comes into view.
The ball python hisses angrily.
The iguana bites you.
* * * LOW HITPOINT WARNING * * *
It was a potion of brilliance.
You feel clever all of a sudden. The iguana closely misses you.
You punch the ball python!
You kill the ball python!
The iguana bites you!
* * * LOW HITPOINT WARNING * * *
You see here a ball python corpse.
Okay, then.
Aiming: Dig
Press: ? - help, Shift-Dir - straight line The rock shatters into small pieces.
The iguana bites you!
You die...

.≈≈≈≈...##.......# #.#
≈≈≈≈≈............# #.#
................## #.#
.....⌠........#.# #.#
..##.(.##.##..#.# #.# ###
#####.###.....#.###########.#####
......# ##.......................
..##### ##.####..................
....# #.......@l...............
#.#.# #...###############.####.
....# ###........# #.# #.#.#
#.....#.#..# #.#
....###.##.......# #.#
#.#.#.......#.#..# #.#
....#.#.#.#.....## #.#
#.....#.#.##.#...# #.#
#######....#.##..####### ##†#


You could see an iguana.

Vanquished Creatures
  A scorpion (D:4)
  An orc priest (D:3)
  An orc wizard (D:3)
  A gnoll (D:4)
  A howler monkey skeleton (D:5)
  3 adders
  An ufetubus (D:4)
  2 worms
  6 orcs (D:3)
  2 ball pythons
  2 endoplasms
  4 giant cockroaches
  2 goblins
  A frilled lizard (D:3)
  A kobold (D:3)
  2 rats (D:3)
31 creatures vanquished.

Notes
Turn   | Place    | Note
-------+----------+-------------------------------------------
     0 | D:5      | comborobin the Vampire Delver began the quest for the Orb.
     0 | D:5      | Reached XP level 1. HP: 17/17 MP: 1/1
     1 | D:6      | Noticed a hound
     1 | D:6      | Noticed a jelly
    57 | D:5      | Reached XP level 2. HP: 20/23 MP: 2/2
   244 | D:5      | Noticed an ogre
   371 | D:5      | Noticed a gnoll sergeant
   507 | D:4      | Gained mutation: You are afflicted with vampirism and can
                  | become a bat while bloodless. [Vampire growth]
   507 | D:4      | Reached XP level 3. HP: 8/28 MP: 3/3
   649 | D:4      | Noticed a scorpion
   669 | D:4      | Killed a scorpion
   670 | D:4      | Reached skill level 5 in Unarmed Combat
   670 | D:4      | Reached XP level 4. HP: 16/34 MP: 4/4
   931 | D:4      | Noticed a black bear
  1221 | D:3      | Found an ancient bone altar of Kikubaaqudgha.
  1243 | D:3      | Reached skill level 8 in Stealth
  1243 | D:3      | Reached XP level 5. HP: 39/39 MP: 5/5
  1556 | D:3      | Reached skill level 9 in Stealth
  1617 | D:3      | HP: 1/39 [iguana (7)]
  1636 | D:3      | Slain by an iguana

Illustrated notes

Levels and vault maps discovered:
D:3:      layout_basic, kiku_gazebo_pond_becter, serial_co_window_serial,
          co_window_corner_a, co_window_paths_b, co_window_paths_b,
          co_window_corner_a, co_window_corner_a, co_window_broadway_c,
          co_window_broadway_c, co_window_unsneaky_path_c, co_window_cross_2,
          co_window_of_opportunity_b, co_window_2corner, glass_columns_a,
          glass_columns_a, glass_columns_b, glass_columns_c
D:4:      cheibrodos_greedy_goblins, layout_basic, mainiacjoe_overflow_alcove_4,
          minmay_misc_feat_four_crosses
D:5:      layout_basic, minmay_temple_entry_large_hall, grunt_ministairs_3,
          hangedman_decor_clover_reticule
D:6:      layout_basic, minmay_manual_monolith

Skill      XL: |  1  2  3  4  5 |
---------------+----------------+-----
Unarmed Combat | 3 4 5 |  5.2
Stealth        | 8 9 |  9.0
Fighting       | |  2.6
Dodging        | |  2.1

Action                   |  1- 3 |  4- 6 || total
-------------------------+-------+-------++-------
Melee: Unarmed           |    56 |    60 ||   116
       Bite              |     7 |     9 ||    16
       Dagger            |       |    10 ||    10
       Punch             |       |     1 ||     1
Evoke: Wand              |       |     1 ||     1
  Use: Potion            |     2 |     2 ||     4
 Stab: Sleeping          |     2 |    10 ||    12
       Distracted        |     1 |       ||     1
Armor: Leather armour    |    11 |    14 ||    25
Dodge: Dodged            |    23 |    37 ||    60
